 Dungeon Crawl Stone Soup version 0.19.0-2-gae57169 (webtiles) character file.

116 thirtiethelement the Charmwright (level 5, 0/34 HPs)
             Began as an Octopode Wanderer on Nov 6, 2016.
             Was an Initiate of Qazlal.
             Slain by Terence
             ... wielding a +0 flail
              (11 damage)
             ... on level 3 of the Dungeon.
             The game lasted 00:12:41 (2760 turns).

thirtiethelement the Charmwright (OpWn)             Turns: 2760, Time: 00:12:41

Health: 0/34       AC:  1    Str: 14    XL:     5   Next: 1%
Magic:  8/14       EV: 13    Int: 12    God:    Qazlal [......]
Gold:   73         SH:  0    Dex: 12    Spells: 1 memorised, 3 levels left

rFire  . . .     SeeInvis .       - Unarmed
rCold  . . .     Gourm    .     (no shield)
rNeg   . . .     Faith    .     (helmet restricted)
rPois  .         Spirit   .     (no amulet)
rElec  .         Reflect  .     d - ring of magical power
rCorr  .         Harm     .     (no ring)
MR     .....                    (no ring)
Stlth  ++........               (no ring)
                                (no ring)
                                (no ring)
                                (no ring)
                                (no ring)

@: appendage (expiring)
A: almost no armour, stealthy swim, amphibious, 8 rings, constrict 8, tentacle
spike 3, camouflage 1, gelatinous body 1
a: End Transformation, Renounce Religion


You were on level 3 of the Dungeon.
You worshipped Qazlal.
Qazlal was noncommittal.
You were not hungry.
One of your tentacles had a temporary spike.
You visited 1 branch of the dungeon, and saw 3 of its levels.

You collected 73 gold pieces.

Inventory:

Hand Weapons
 a - a +2 shortbow
Missiles
 b - 40 arrows
Jewellery
 d - a ring of magical power (left tentacle)
 k - an uncursed ring of loudness
Scrolls
 h - a scroll of recharging
 i - a scroll of remove curse
Potions
 e - a potion of ambrosia {unknown}
 j - a potion of degeneration {unknown}
 l - a potion of magic {unknown}
 m - a potion of brilliance {unknown}
 o - a potion of heal wounds {unknown}
Books
 c - the Tome of Relativism

   Spells                             Type                      Level
   a - Beastly Appendage              Transmutation                1
   b - Spider Form                    Transmutation/Poison         3
Comestibles
 g - 3 fruits
 n - 3 meat rations


   Skills:
 + Level 1.7 Fighting
 - Level 3.1 Bows
 + Level 1.6 Dodging
 - Level 0.4 Stealth
   Level 2.0 Shields
 * Level 2.6 Unarmed Combat
   Level 1.0 Hexes
   Level 4.0 Charms


You had 3 spell levels left.
You knew the following spells:

 Your Spells              Type           Power        Failure   Level  Hunger
a - Beastly Appendage     Tmut           #.....       34%         1    ##.....


Dungeon Overview and Level Annotations

Branches:
Dungeon (3/15)

Altars:
Gozag
Nemelex Xobeh
Qazlal
The Shining One

Annotations:
D:3 Terence


Innate Abilities, Weirdness & Mutations

You cannot wear most types of armour.
You are very stealthy in the water. (Stealth+)
You are amphibious.
You can wear up to eight rings at the same time.
You can use your tentacles to constrict eight enemies at once.
Your skin changes colour to match your surroundings (Stealth+).
Your rubbery body absorbs attacks. (AC +1, EV +1)
One of your tentacles bears a large vicious spike.


Message History

You tentacle-slap Terence. You grab Terence.
You pierce Terence, but do no damage.
You squeeze Terence.
Terence is moderately wounded.
You constrict Terence, but do no damage.
Terence hits you with a flail.
You tentacle-slap Terence but do no damage.
You pierce Terence, but do no damage.
Terence is moderately wounded.
You constrict Terence. Terence barely misses you.
You tentacle-slap Terence but do no damage.
Terence is moderately wounded.
You constrict Terence, but do no damage.
You tentacle-slap Terence. You squeeze Terence.
Terence is heavily wounded.
You constrict Terence, but do no damage.
Terence hits you with a flail!
You tentacle-slap Terence.
Terence is severely wounded.
You constrict Terence. Terence hits you with a flail!
You die...

#.####... .....#.
###.......# .(.....
........##.... .......
.............# .......##
#..###.....#..
........###......##.....
......>......#...##..##)
.........#...###....###.
.......@...####.....###.
......@#.............#..
.......###..............
....... ##.....[.......
....... #........>....
####### #.............
#.............
#.............
#..)..........


You could see Terence.

Vanquished Creatures
  A crimson imp (D:3)
  2 adders (D:2)
  2 worms (D:2)
  A dart slug (D:1)
  2 leopard geckos
  7 giant cockroaches
  4 goblins
  5 hobgoblins
  4 jackals
  2 quokkas (D:2)
  8 bats
  3 frilled lizards
  3 kobolds
  8 rats
52 creatures vanquished.

Vanquished Creatures (others)
  A jackal (D:2)
1 creature vanquished.

Grand Total: 53 creatures vanquished

Notes
Turn   | Place    | Note
-------+----------+-------------------------------------------
     0 | D:1      | thirtiethelement the Octopode Wanderer began the quest for the Orb.
     0 | D:1      | thirtiethelement set off with: a +2 shortbow, 28 arrows, the Tome of Relativism, a potion of lignification, a bread ration
     0 | D:1      | Reached XP level 1. HP: 13/13 MP: 1/1
   108 | D:1      | Reached XP level 2. HP: 18/18 MP: 2/2
   692 | D:1      | Reached XP level 3. HP: 22/23 MP: 3/3
   708 | D:1      | Learned a level 1 spell: Beastly Appendage
  1051 | D:2      | Found an opulent altar of Gozag.
  1173 | D:2      | Found a glowing golden altar of the Shining One.
  1282 | D:2      | Found a stormy altar of Qazlal.
  1301 | D:2      | Reached skill level 1 in Dodging
  1301 | D:2      | Reached skill level 1 in Unarmed Combat
  1341 | D:2      | Became a worshipper of Qazlal Stormbringer
  1640 | D:2      | Reached XP level 4. HP: 24/28 MP: 4/4
  2085 | D:2      | Found a sparkling altar of Nemelex Xobeh.
  2476 | D:3      | Reached XP level 5. HP: 9/34 MP: 5/5
  2753 | D:3      | Noticed Terence
  2760 | D:3      | Slain by Terence

Skill      XL: |  1  2  3  4 |
---------------+-------------+-----
Bows           | 3 |  3.1
Dodging        | 1 |  1.6
Unarmed Combat | 1 2 |  2.6
Fighting       | |  1.7
Stealth        | |  0.4
Shields        | |  2.0
Hexes          | |  1.0
Charms         | |  4.0

Action                   |  1- 3 |  4- 6 || total
-------------------------+-------+-------++-------
Melee: Unarmed           |    67 |    58 ||   125
       Constrict         |    18 |    14 ||    32
       Tentacles         |    12 |    12 ||    24
       Kick              |       |     2 ||     2
 Fire: Shortbow          |    23 |       ||    23
 Cast: Beastly Appendage |       |     1 ||     1
  Use: Scroll            |     4 |       ||     4
       Potion            |     2 |       ||     2
 Stab: Sleeping          |     5 |     1 ||     6
  Eat: Bread ration      |     1 |     1 ||     2
Armor: Skin              |    17 |     7 ||    24
Dodge: Dodged            |    44 |    39 ||    83
